 Dungeon Crawl Stone Soup version 0.30-a0-847-g17996783a1 (webtiles) character file.

Game seed: 9921765500807972971

2 Ceno the Sneak (level 1, -2/10 HPs)
             Began as a Felid Delver on Mar 3, 2023.
             Slain by a hobgoblin (3 damage)
             ... on level 4 of the Dungeon.
             The game lasted 00:01:11 (118 turns).

Ceno the Sneak (Felid Delver)                        Turns: 118, Time: 00:01:12

Health: -2/10      AC:  1    Str:  8    XL:     1   Next: 25%
Magic:  2/2        EV: 17    Int: 11    God:
Gold:   13         SH:  0    Dex: 17    Spells: 0/0 levels left
                                        Lives:  0   Deaths: 0

rFire   . . .      SeeInvis +      - Unarmed
rCold   . . .      Faith    .    (shield unavailable)
rNeg    . . .      Spirit   .    (body armour unavailable)
rPois   .          Reflect  .    (helmet unavailable)
rElec   .          Rampage  .    (cloak unavailable)
rCorr   .                        (gloves unavailable)
Will    .....                    (boots unavailable)
Stlth   +++                      (no amulet)
HPRegen 0.21/turn                (no ring)
MPRegen 0.08/turn                (no ring)

@: quick
A: very small, claws 1, fangs 3, see invisible, speed 1, shaggy fur 1, stealthy
paws, no weapons or thrown items, no armour, multi-lived
a: no special abilities


You were on level 4 of the Dungeon.
You visited 1 branch of the dungeon, and saw 2 of its levels.

You collected 13 gold pieces.

Inventory:

Wands
 e - a wand of digging (3)
Scrolls
 a - a scroll of fog
 b - a scroll of magic mapping
 c - a scroll of fear
 f - 2 scrolls of identify {unknown}
Potions
 d - a potion of haste


   Skills:
 + Level 3.0 Fighting
 - Level 2.6 Dodging
 + Level 6.6 Stealth
 * Level 2.1 Unarmed Combat


You couldn't memorise any spells.
You didn't know any spells.
Your spell library was empty.

Dungeon Overview and Level Annotations

Branches:
Dungeon (5/15)
 Temple: D:4-7

Altars:
Fedhas
Gozag
Vehumet

Annotations:
D:4 Menkaure


Innate Abilities, Weirdness & Mutations

You have sharp claws.
You have razor-sharp teeth.
You have supernaturally acute eyesight. (SInv)
You cover ground quickly. (Speed+)
You are covered in fur. (AC +1)
Your paws help you pounce on unaware monsters.
You are incapable of wielding weapons or throwing items.
You cannot wear armour.
You gain extra lives every three experience levels.


Message History

A gnoll comes into view.
It is wielding a +0 flail. 2 gnolls come into view.
A gnoll comes into view. It is wielding a +0 spear.
The gnoll shouts!
The gnoll bouda shouts!
The gnoll shouts!
The gnoll bouda barks out a call to the hunt!
The gnolls pick up the pace!
The gnoll shouts! x2
There is a stone staircase leading up here.
You climb upwards.
The kobold shouts!
Found 27 gold pieces.
There is a stone staircase leading down here.
A kobold comes into view. It is wielding a +0 whip of pain.
The kobold shouts!
You hear a shout!
Found a stone staircase leading up.
A hobgoblin comes into view.
You scratch the kobold.
The kobold is heavily wounded.
The kobold hits you with a +0 whip of pain.
You barely miss the kobold.
The kobold is heavily wounded.
The kobold hits you but does no damage.
You scratch the kobold.
You kill the kobold!
The kobold closely misses you.
You scratch the kobold.
The kobold is moderately wounded.
The kobold hits you with a +0 short sword.
You barely miss the kobold.
The kobold is moderately wounded.
The kobold hits you with a +0 short sword.
Ouch! That really hurt!
* * * LOW HITPOINT WARNING * * *
The hobgoblin closely misses you.
You scratch the kobold.
You kill the kobold!
The hobgoblin completely misses you.
You closely miss the hobgoblin. Your bite misses the hobgoblin.
The hobgoblin hits you.
You die...

###########.♣.<
#....)@g)......
#.##########... #.#
########+##.######
.......K...........
......>............
...................
...................
...J$..............


You could see a hobgoblin.

Vanquished Creatures
  2 kobolds (D:4)
2 creatures vanquished.

Notes
Turn   | Place    | Note
-------+----------+-------------------------------------------
     0 | D:5      | Ceno the Felid Delver began the quest for the Orb.
     0 | D:5      | Reached XP level 1. HP: 10/10 MP: 2/2
    24 | D:5      | Found a blossoming altar of Fedhas.
    30 | D:5      | Found a radiant altar of Vehumet.
    33 | D:5      | Found an opulent altar of Gozag.
    60 | D:5      | Noticed an iguana
    75 | D:5      | Noticed an ice beast
    75 | D:5      | Noticed a scorpion
    85 | D:5      | Noticed a gnoll bouda
    95 | D:4      | Noticed Menkaure
   118 | D:4      | Slain by a hobgoblin

Illustrated notes

Levels and vault maps discovered:
D:4:      layout_basic, grunt_ministairs_1, uniq_menkaure, uniq_duvessa
D:5:      layout_rooms, nicolae_overflow_hidden_temple,
          minmay_overflow_temple_star_quad, amcnicky_mini_rare_corridor_liquid,
          chequers_serial_rivers_small_3, minmay_misc_feat_diagonals

Action                     || total
---------------------------++-------
  Melee: Unarmed           ||     7
 Armour: Skin              ||     1
  Dodge: Dodged            ||     3

Table legend: (Time is in decaauts)
 A = Elapsed time spent in this place.
 B = Non-inter-level travel time spent in this place.
 C = Inter-level travel time spent in this place.
 D = Time resting spent in this place.
 E = Time spent auto-exploring this place.
 F = Levels seen in this place.
 G = Mean time per level.
                   A        B        C        D        E       F      G
               +--------+--------+--------+--------+--------+-----+--------+
         Total |     96 |     96 |      0 |      0 |      0 |   2 |   48.0 |
       Dungeon |     96 |     96 |      0 |      0 |      0 |   2 |   48.0 |
               +--------+--------+--------+--------+--------+-----+--------+

Top non-repeatable levels by time:
     D:5: 77 daAuts
     D:4: 19 daAuts
